 Dungeon Crawl Stone Soup version 0.28.0 (console) character file.

Game seed: 14349798720424453518

22418 jejorda2 the Fighter (level 13, -3/112 HPs)
             Began as a Vine Stalker Berserker on Feb 15, 2022.
             Was a High Priest of Trog.
             Slain by fiver49's ghost (22 damage)
             ... on level 2 of the Lair of Beasts.
             The game lasted 00:37:16 (12137 turns).

jejorda2 the Fighter (Vine Stalker Berserker)      Turns: 12137, Time: 00:37:17

Health: -3/112     AC: 17    Str: 23    XL:     13   Next: 0%
Magic:  0/23       EV: 10    Int: 13    God:    Trog [*****.]
Gold:   656        SH:  9    Dex: 13    Spells: 12/12 levels left

rFire   + . .      SeeInvis .   a - +2 quick blade (vorpal)
rCold   . . .      Faith    +   J - +0 kite shield {rF+}
rNeg    + . .      Spirit   +   F - +4 scale mail {rPois}
rPois   +          Reflect  .   o - +2 helmet
rElec   .          Harm     .   g - +0 cloak
rCorr   .          Rampage  .   D - +0 pair of gloves
Will    +++..                   (no boots)
Stlth   ..........              u - amulet of faith
HPRegen 1.08/turn               m - ring of Recklessness {rN+ Will++ MP+9 Str-3 Int+6}
MPRegen 0.18/turn               t - ring of flight

@: berserking (expiring), flying, very quick
A: fangs 3, regeneration 1, magic shield, antimagic bite, no potion heal 2
a: Renounce Religion, Berserk, Trog's Hand, Brothers in Arms


You were on level 2 of the Lair of Beasts.
You worshipped Trog.
Trog was extremely pleased with you.
You visited 2 branches of the dungeon, and saw 12 of its levels.
You also visited: Volcano.

You collected 656 gold pieces.

Inventory:

Hand Weapons
 a - a +2 vorpal quick blade (weapon)
Missiles
 d - 4 javelins
 p - 350 stones (quivered)
 s - 2 curare-tipped darts
 v - 18 poisoned darts
 E - 5 throwing nets
Armour
 g - a +0 cloak (worn)
 o - a +2 helmet (worn)
 D - a +0 pair of gloves (worn)
 F - a +4 scale mail of poison resistance (worn)
 J - a +0 kite shield of fire resistance (worn)
Jewellery
 c - a ring of poison resistance
 m - the ring of Recklessness (left hand) {rN+ Will++ MP+9 Str-3 Int+6}
   (You found it on level 10 of the Dungeon)

   [ring of intelligence]

   Str:       It affects your strength (-3).
   Int:       It affects your intelligence (+6).
   rN:        It protects you from negative energy.
   MP:        It affects your magic capacity (+9).
   Will:      It greatly increases your willpower.
 t - a ring of flight (right hand)
 u - an amulet of faith (around neck)
Wands
 b - a wand of iceblast (3)
 i - a wand of paralysis (1)
 q - a wand of polymorph (5)
 B - a wand of acid (8)
 C - a wand of flame (31)
Scrolls
 f - a scroll of enchant weapon
 j - 2 scrolls of magic mapping
 k - 2 scrolls of fog
 n - a scroll of blinking
 x - 6 scrolls of teleportation
 y - a scroll of identify
Potions
 e - 2 potions of haste
 h - 3 potions of mutation
 l - 2 potions of attraction
 r - 3 potions of berserk rage
 w - 5 potions of might
 z - a potion of curing
 I - 2 potions of cancellation


   Skills:
 + Level 12.2 Fighting
 - Level 10.0 Short Blades
 - Level 3.0 Throwing
 - Level 6.0 Armour
 - Level 5.4 Dodging
 * Level 6.0 Shields
 - Level 6.0 Evocations


You had 12 spell levels left.
You didn't know any spells.
Your spell library was empty.

Dungeon Overview and Level Annotations

Branches:
Dungeon (10/15)            Temple (0/1) D:6            Lair (2/6) D:8
    Orc (0/2) D:10        Volcano (visited)
  Swamp: Lair:2-4    Shoals: Lair:2-4     Snake: Lair:2-4    Spider: Lair:2-4

Altars:
Hepliaklqana
Makhleb
Nemelex Xobeh
Qazlal
Trog
Yredelemnul
Zin

Shops:
D:3 :

Annotations:
Lair:2 fiver49's ghost, adept TrGl


Innate Abilities, Weirdness & Mutations

You have razor-sharp teeth.
Your natural rate of healing is unusually fast.
When hurt, damage is shared between your health and your magic reserves.
Your bite disrupts and absorbs the magic of your enemies.
Potions cannot restore your health.


Message History

You hit fiver49's ghost but do no damage.
Your bite misses fiver49's ghost.
Fiver49's ghost is heavily damaged.
You hit fiver49's ghost. You bite fiver49's ghost. You drain its power.
You feel invigorated.
Fiver49's ghost is heavily damaged.
Fiver49's ghost hits you but does no damage.
You miss fiver49's ghost. Your bite misses fiver49's ghost.
Fiver49's ghost is heavily damaged.
You barely miss fiver49's ghost.
Fiver49's ghost is heavily damaged.
You hit fiver49's ghost.
Fiver49's ghost is heavily damaged.
Fiver49's ghost hits you!! Fiver49's ghost burns you.
Press: ? - help, v - describe, . - travel The floor.
There is a cloud of black smoke here.
Unknown command.
You hit fiver49's ghost. You bite fiver49's ghost. You drain its power.
You feel invigorated.
Fiver49's ghost is heavily damaged.
You miss fiver49's ghost. Your bite misses fiver49's ghost.
Fiver49's ghost is heavily damaged.
You puncture fiver49's ghost! Your bite misses fiver49's ghost.
Fiver49's ghost is severely damaged.
Fiver49's ghost hits you!!
* * * LOW HITPOINT WARNING * * *
Fiver49's ghost burns you.
* * * LOW HITPOINT WARNING * * *
You hit fiver49's ghost.
Fiver49's ghost is severely damaged.
You miss fiver49's ghost. Your bite misses fiver49's ghost.
Fiver49's ghost is severely damaged.
You puncture fiver49's ghost!
Fiver49's ghost is severely damaged.
You hit fiver49's ghost but do no damage.
Your bite misses fiver49's ghost.
Fiver49's ghost is severely damaged.
Fiver49's ghost hits you!!
You die...

........##
.....(...#
#............. ..
#............. ...
.............
##..##.......§§§###
##............§§§#§§
.##..##.......§§@W§§
.....#........§§§#§§
.............§§§§###
........#..........#
......####......".##
.......###.........#
........##........##
.........###.....##
.........# ##....#


You could see fiver49's ghost.

Vanquished Creatures
  A red draconian (Volcano)
  A hydra (Lair:2)
  Harold (D:10)
  A centaur warrior (Volcano)
  A two-headed ogre (D:10)
  An ugly thing (D:10)
  A cyclops (D:10)
  Joseph (D:9)
  A black mamba (Lair:1)
  3 cane toads (Lair:1)
  Maggie (Lair:1)
  A gargoyle (D:9)
  2 komodo dragons
  2 unseen horrors (D:10)
  A polar bear (Lair:1)
  5 blink frogs (Lair:1)
  A hornet (D:10)
  2 wyverns (D:10)
  A wraith (D:10)
  33 yaks
  A basilisk (Lair:1)
  3 fire bats (Lair:1)
  Menkaure (D:4)
  2 wargs (D:10)
  3 vampire mosquitoes (D:6)
  6 water moccasins
  An acid dragon (D:10)
  4 nagas (Lair:2)
  2 sky beasts
  3 orc warriors
  14 wolves (Lair:1)
  8 centaurs
  3 kobold brigands
  2 phantoms (D:4)
  Blork the orc (D:4)
  5 bullfrogs
  A gnoll sergeant (D:10)
  2 scorpions
  A water moccasin zombie (D:5)
  The ghost of psuckher the Sneak, a weakling DsDe of Dithmenos (D:5)
  6 howler monkeys
  10 wights
  A crimson imp (D:8)
  5 centaur zombies
  A bullfrog skeleton (D:5)
  5 orc priests
  A jelly (D:8)
  7 hounds
  A gnoll shaman (D:4)
  Jessica (D:2)
  Terence (D:2)
  Natasha (thrice) (D:2)
  5 orc wizards
  Robin (D:2)
  20 gnolls
  7 adders
  2 river rats (D:5)
  A white imp (D:7)
  4 worms
  3 dart slugs
  43 orcs
  7 ball pythons
  9 bats
  9 endoplasms
  5 giant cockroaches
  18 goblins
  7 hobgoblins
  17 jackals
  14 kobolds
  6 quokkas
  A frilled lizard (D:2)
  7 rats
353 creatures vanquished.

Vanquished Creatures (collateral kills)
  A blink frog (Lair:1)
  5 yaks (Lair:1)
  A wolf (Lair:1)
  A phantom (D:7)
  A bullfrog (Lair:1)
9 creatures vanquished.

Vanquished Creatures (others)
  15 plants
15 creatures vanquished.

Grand Total: 377 creatures vanquished

Notes
Turn   | Place    | Note
-------+----------+-------------------------------------------
     0 | D:1      | jejorda2 the Vine Stalker Berserker began the quest for the
                  | Orb.
     0 | D:1      | Reached XP level 1. HP: 11/11 MP: 2/2
   247 | D:1      | Reached XP level 2. HP: 16/16 MP: 1/3
   405 | D:1      | HP: 1/24 [jackal (1)]
   718 | D:1      | Found a faded altar of an unknown god.
   887 | D:1      | Reached skill level 3 in Fighting
   887 | D:1      | Reached XP level 3. HP: 18/20 MP: 2/4
  1139 | D:2      | Noticed Jessica
  1150 | D:2      | Killed Jessica
  1473 | D:2      | Gained mutation: Your natural rate of healing is unusually
                  | fast. [Vine Stalker growth]
  1473 | D:2      | Reached XP level 4. HP: 23/24 MP: 5/5
  1690 | D:2      | Found a sparkling altar of Nemelex Xobeh.
  1757 | D:2      | Noticed Natasha
  1758 | D:2      | Noticed Terence
  1768 | D:2      | Killed Natasha
  1775 | D:2      | Killed Terence
  1776 | D:2      | Reached XP level 5. HP: 28/28 MP: 4/6
  1777 | D:2      | Noticed Natasha
  1784 | D:2      | Killed Natasha
  1794 | D:2      | Noticed Natasha
  1802 | D:2      | Killed Natasha
  2019 | D:2      | Noticed Robin
  2030 | D:2      | Reached ** piety under Trog
  2048 | D:2      | Killed Robin
  2322 | D:2      | Reached XP level 6. HP: 33/33 MP: 7/7
  2953 | D:3      | Found Yphiol's Book Shoppe.
  3143 | D:3      | Reached skill level 4 in Fighting
  3143 | D:3      | Reached skill level 5 in Short Blades
  3274 | D:4      | Noticed Menkaure
  3299 | D:4      | Killed Menkaure
  3300 | D:4      | Reached XP level 7. HP: 37/37 MP: 8/8
  3491 | D:4      | Reached *** piety under Trog
  3841 | D:4      | Noticed Blork the orc
  3847 | D:4      | Killed Blork the orc
  4021 | D:4      | Gained mutation: You have razor-sharp teeth. [Vine Stalker
                  | growth]
  4021 | D:4      | Reached XP level 8. HP: 42/42 MP: 9/9
  4064 | D:4      | Found a sparkling altar of Nemelex Xobeh.
  4064 | D:4      | Found a basalt altar of Yredelemnul.
  4072 | D:4      | Found a hazy altar of Hepliaklqana.
  4074 | D:4      | Found a glowing silver altar of Zin.
  4076 | D:4      | Found a stormy altar of Qazlal.
  4174 | D:5      | Entered Level 5 of the Dungeon
  4311 | D:5      | Reached skill level 5 in Fighting
  4439 | D:5      | Found a runed translucent door.
  4441 | D:5      | Noticed psuckher's ghost (weakling DsDe)
  4453 | D:5      | Reached **** piety under Trog
  4466 | D:5      | Killed psuckher's ghost
  4505 | D:5      | Found a runed translucent door.
  5035 | D:5      | Found a bloodstained altar of Trog.
  5528 | D:6      | Found a staircase to the Ecumenical Temple.
  5548 | D:6      | Identified the +4 chain mail of Qimeiheoxoe {rC- Str+6
                  | Slay+2}
  5643 | D:6      | Reached XP level 9. HP: 48/48 MP: 10/10
  5751 | D:6      | Reached skill level 5 in Armour
  5764 | D:6      | Reached skill level 6 in Fighting
  6202 | D:7      | Reached ***** piety under Trog
  6682 | D:8      | Found a staircase to the Lair.
  6841 | D:8      | Reached XP level 10. HP: 51/53 MP: 11/11
  7106 | D:8      | Found a burning altar of Makhleb.
  7292 | D:8      | Reached skill level 7 in Fighting
  7745 | D:9      | Noticed Joseph
  7756 | D:9      | Killed Joseph
  7757 | D:9      | Reached skill level 10 in Short Blades
  8385 | D:9      | Reached skill level 8 in Fighting
  8554 | D:10     | Entered Level 10 of the Dungeon
  8577 | D:10     | Noticed Harold
  8592 | D:10     | Noticed a cyclops
  8609 | D:10     | Killed Harold
  8610 | D:10     | Reached skill level 9 in Fighting
  8613 | D:10     | Killed a cyclops
  8619 | D:10     | Noticed a gargoyle
  8647 | D:9      | Killed a gargoyle
  8709 | D:10     | Identified the +7 glaive of the Scavenger {freeze, rF+
                  | Will+ MP+9}
  8759 | D:10     | Reached skill level 10 in Fighting
  8934 | D:10     | Reached skill level 1 in Evocations
  8981 | D:10     | Noticed a two-headed ogre
  8986 | D:10     | Killed a two-headed ogre
  8987 | D:10     | Reached XP level 11. HP: 63/63 MP: 12/12
  9260 | D:10     | Found a staircase to the Orcish Mines.
  9332 | D:10     | Identified the ring of Recklessness {rN+ Will++ MP+9 Str-3
                  | Int+6}
  9407 | D:10     | Noticed a cyan ugly thing
  9426 | D:10     | Killed a cyan ugly thing
  9600 | D:10     | Identified the +8 dagger of Bocses {vorpal, Contam rN+
                  | Dex+5} (Trog gifted it to you on level 10 of the Dungeon)
  9600 | D:10     | Received a gift from Trog
 10149 | D:10     | Reached skill level 5 in Evocations
 10257 | Lair:1   | Entered Level 1 of the Lair of Beasts
 10333 | Lair:1   | Reached skill level 11 in Fighting
 10334 | Lair:1   | Reached XP level 12. HP: 42/70 MP: 13/13
 10373 | Lair:1   | Reached skill level 1 in Throwing
 10392 | Lair:1   | Reached skill level 5 in Dodging
 10439 | Lair:1   | Found a dark tunnel.
 10475 | Volcano  | Entered a volcano
 10496 | Volcano  | Noticed a red draconian
 10510 | Volcano  | Killed a red draconian
 10562 | Volcano  | Noticed a centaur warrior
 10586 | Volcano  | Killed a centaur warrior
 10863 | Lair:1   | Reached skill level 1 in Shields
 11354 | Lair:1   | Noticed Maggie
 11368 | Lair:1   | Killed Maggie
 11886 | Lair:2   | Reached skill level 12 in Fighting
 11942 | Lair:2   | Reached skill level 5 in Shields
 12080 | Lair:2   | Found a runed translucent door.
 12081 | Lair:2   | Noticed a five-headed hydra
 12083 | Lair:2   | Noticed fiver49's ghost (adept TrGl)
 12110 | Lair:2   | Killed a five-headed hydra
 12111 | Lair:2   | Reached XP level 13. HP: 75/75 MP: 14/14
 12137 | Lair:2   | Slain by fiver49's ghost

Illustrated notes

Levels and vault maps discovered:
D:1:      dpeg_arrival_refuge, layout_rooms, basic_ecumenical_altar,
          chequers_decorated_corner, minmay_misc_feat_tiny, minivault_27
D:2:      layout_loops_corners, basic_altar, grunt_decor_mini_mirrors,
          uniq_terence, uniq_robin, uniq_jessica, uniq_natasha
D:3:      minmay_door_path, layout_loops_ring, serial_shops, nicolae_shop_trees
D:4:      layout_basic, chequers_temple_overflow_minitemple,
          hangedman_decor_opposing, minmay_diced_spiral, uniq_menkaure,
          uniq_blork_the_orc
D:5:      lemuel_castle_with_subvaults [lemuel_castle_interior_carwin_2],
          layout_loops_ring, trog_book, ebering_ghost_sewer_f,
          kennysheep_cross_room, grunt_tough_drop
D:6:      layout_cave_pools, minmay_temple_entry_stoned_glass
D:7:      layout_cave_pools
D:8:      layout_cave_pods, makhleb_grotto_becter, lair_entry_dummy
D:9:      layout_layer_cave, uniq_joseph
D:10:     nzn_winding_woodlands_small [nzn_winding_woodlands_5x15_jagged,
          nzn_winding_woodlands_center_diamonds,
          nzn_winding_woodlands_5x15_zeroes], layout_irregular_city, erik_orc_3,
          kennysheep_generic_room_12, uniq_harold
Lair:1:   layout_regular_city, nicolae_volcano_entry_batcave,
          minmay_shattered_shrine, uniq_maggie
Lair:2:   layout_cave_pods, minmay_snake_entry_guardpost_medium,
          ebering_ghost_inner_flame, hellmonk_guarded_unrand_vines

Skill      XL: |  1  2  3  4  5  6  7  8  9 10 11 12 |
---------------+-------------------------------------+-----
Short Blades   | 3 4 5 6 7 9 10 | 10.0
Fighting       | 3 4 5 6 10 11 12 | 12.2
Armour         | 2 3 4 5 6 |  6.0
Evocations     | 2 6 |  6.0
Dodging        | 2 4 5 |  5.4
Throwing       | 3 |  3.0
Shields        | 6 |  6.0

Action                   |  1- 3 |  4- 6 |  7- 9 | 10-12 | 13-15 || total
-------------------------+-------+-------+-------+-------+-------++-------
Melee: Short sword       |    78 |       |       |       |       ||    78
       Bite              |    21 |    48 |   124 |   294 |     5 ||   492
       Dagger            |       |   203 |   473 |   514 |       ||  1190
       Punch             |       |       |     9 |    17 |       ||    26
       Quick blade       |       |       |       |   285 |    27 ||   312
Throw: Stone             |       |    11 |       |    20 |       ||    31
       Javelin           |       |     5 |       |       |       ||     5
Invok: Berserk           |     1 |     2 |     6 |    11 |       ||    20
       Trog's Hand       |       |       |       |     4 |       ||     4
       Brothers in Arms  |       |       |       |     1 |       ||     1
  Use: Scroll            |       |       |    16 |     8 |       ||    24
Armor: Animal skin       |     5 |       |       |       |       ||     5
       Leather armour    |     9 |    23 |       |       |       ||    32
       Scale mail        |       |    50 |   154 |   184 |     1 ||   389
       Plate armour      |       |       |       |    35 |       ||    35
       Ring mail         |       |       |       |    25 |       ||    25
Dodge: Dodged            |    39 |    84 |   189 |   256 |       ||   568
Block: Kite shield       |       |       |       |     1 |     2 ||     3
